 Dungeon Crawl Stone Soup version 0.17.0-9-g801d43b (webtiles) character file.

153 M4edhros the Sneak (level 5, 0/33 HPs)
             Began as an Octopode Artificer on Nov 7, 2015.
             Slain by a worker ant (1 damage)
             ... on level 4 of the Dungeon on Nov 10, 2015.
             The game lasted 00:03:35 (782 turns).

M4edhros the Sneak (Octopode Artificer)              Turns: 782, Time: 00:03:35

Health: 0/33       AC:  1    Str: 11    XL:     5   Next: 35%
Magic:  8/8        EV:  7    Int: 14    God:
Gold:   163        SH: 10    Dex: 13    Spells: 0 memorised, 4 levels left

rFire  . . .     SeeInvis .     a - +0 short sword
rCold  . . .     Clarity  .     h - +0 large shield
rNeg   . . .     SustAt   .     (helmet restricted)
rPois  .         Gourm    .     (no amulet)
rElec  .         Spirit   .     (no ring)
rCorr  .         Warding  .     (no ring)
rMut   .         Stasis   .     (no ring)
MR     .....                    (no ring)
Stlth  ++++......               (no ring)
                                (no ring)
                                (no ring)
                                (no ring)

@: lethally poisoned (0 -> -3), not resistant to hostile enchantments, stealthy
A: almost no armour, amphibious, 8 rings, constrict 8, camouflage 1, gelatinous
body 1
a: no special abilities


You were on level 4 of the Dungeon.
You were not hungry.

You visited 1 branch of the dungeon, and saw 3 of its levels.

You collected 163 gold pieces.

Inventory:

Hand Weapons
 a - a +0 short sword (weapon)
Armour
 h - a +0 large shield (worn)
Wands
 b - a wand of flame (11)
 c - a wand of enslavement (12)
 d - a wand of random effects (15)
Scrolls
 f - a scroll of random uselessness {unknown}
 g - a scroll of teleportation {unknown}
 i - 2 scrolls of remove curse
Comestibles
 e - a bread ration
 j - a meat ration


   Skills:
 - Level 1.0 Fighting
 - Level 1.0 Short Blades
 - Level 2.0 Dodging
 * Level 6.1 Stealth
 + Level 4.4 Evocations


You had 4 spell levels left.
You didn't know any spells.

Dungeon Overview and Level Annotations

Branches:
Dungeon (4/15)
 Temple: D:4-7

Altars:

Shops:
D:4 (}

Annotations:
D:2 Robin


Innate Abilities, Weirdness & Mutations

You cannot wear most types of armour.
You are amphibious.
You can wear up to eight rings at the same time.
You can use your tentacles to constrict eight enemies at once.
Your skin changes colour to match your surroundings (Stealth).
Your rubbery body absorbs attacks (AC +1).


Message History

You constrict the giant gecko. The worker ant bites you.
* * * LOW HITPOINT WARNING * * *
The giant gecko bites you.
* * * LOW HITPOINT WARNING * * *
Evoke which item? (* to show all) (? for menu, Esc to quit)
Zapping:
c - a wand of enslavement (13)
Press: ? - help, Shift-Dir - straight line, f - worker ant
Aim: a worker ant (chance to defeat MR: 64%)
The worker ant struggles to resist.
This wand has 12 charges left.
You constrict the giant gecko.
You kill the giant gecko!
The worker ant bites you.
* * * LOW HITPOINT WARNING * * *
You are lethally poisoned!
The worker ant poisons you!
Unknown command.
You aren't carrying any potions.
* * * LOW HITPOINT WARNING * * *
You feel sick. The worker ant bites you.
You die...

*,,∩,,*,* *,*,*,*,* ##**
*,,,,,*,* ..,***
*##+##*,* .#,..########
*....##.* .#*#........#
*......)* .###....#*#%#
##....#*** ........#
#.####..<..#
...##.#.###..#.a@....#
.#..###..##.....#.>.o#
.##..###......†#######
..........##.#<.#********
....†......#.#$....,,,,,*
.........#.....##..,,,,,*
........##.....#*....,,,*
........###.##...,...,,,*
........###.##...,,..,,,*


You could see a worker ant and an orc (sleeping).

Vanquished Creatures
  A giant frog (D:4)
  2 hounds (D:4)
  An adder (D:4)
  A ball python (D:1)
  A giant cockroach (D:1)
  A goblin (D:1)
  5 hobgoblins
  2 kobolds
  2 bats (D:1)
  3 giant geckos
  3 rats (D:1)
22 creatures vanquished.

Notes
Turn   | Place    | Note
--------------------------------------------------------------
     0 | D:1      | M4edhros the Octopode Artificer began the quest for the Orb.
     0 | D:1      | Reached XP level 1. HP: 13/13 MP: 3/3
   147 | D:1      | Reached XP level 2. HP: 13/18 MP: 4/4
   444 | D:2      | Noticed Robin
   447 | D:2      | You fall through a shaft for 2 floors!
   453 | D:4      | Reached XP level 3. HP: 15/23 MP: 5/5
   480 | D:4      | Found Gauneru's Weapon Shop.
   484 | D:4      | Found Bimatyube's Gadget Shop.
   491 | D:4      | Noticed a giant frog
   510 | D:4      | Upgraded the game from 0.17.0-1-g61d176b to 0.17.0-9-g801d43b
   526 | D:4      | Killed a giant frog
   526 | D:4      | Reached skill level 5 in Stealth
   526 | D:4      | Reached XP level 4. HP: 14/28 MP: 5/7
   591 | D:4      | Reached XP level 5. HP: 23/33 MP: 8/8
   662 | D:4      | Reached skill level 6 in Stealth
   782 | D:4      | HP: 1/33 [poisoned by a worker ant]
   782 | D:4      | Slain by a worker ant

Action                   |  1- 3 |  4- 6 || total
-------------------------+-------+-------++-------
Melee: Short sword       |    39 |    11 ||    50
Evoke: Wand              |     3 |     4 ||     7
  Use: Scroll            |     4 |       ||     4
 Stab: Sleeping          |     4 |       ||     4
       Distracted        |       |     1 ||     1
